 Dungeon Crawl Stone Soup version 0.28.0 (webtiles) character file.

Game seed: 17502549798990810054

3077 HallandMoats the Skirmisher (level 9, 0/77 (89) HPs)
             Began as a Troll Monk on Feb 6, 2022.
             Was a High Priest of Ru.
             Succumbed to a wight's poison
             ... on level 7 of the Dungeon.
             The game lasted 00:07:25 (5004 turns).

HallandMoats the Skirmisher (Troll Monk)            Turns: 5004, Time: 00:07:26

HP:   0/77 (89)     AC:  6    Str: 21    XL:     9   Next: 58%
MP:   8/8           EV: 12    Int: 10    God:    Ru [*****.]
Gold: 320           SH:  0    Dex: 16    Spells: 8/8 levels left

rFire   . . .      SeeInvis .     - Unarmed
rCold   . . .      Faith    .   (no shield)
rNeg    . . .      Spirit   .   i - +2 robe "Kotu" {Int+4}
rPois   .          Reflect  .   (helmet restricted)
rElec   .          Harm     .   (no cloak)
rCorr   .          Rampage  .   (gloves unavailable)
Will    .....                   (boots unavailable)
Stlth   +++.......              (no amulet)
HPRegen 1.02/turn               j - ring of wizardry
MPRegen 0.11/turn               m - ring of wizardry

@: lethally poisoned (0 -> -8), heavily drained
A: large, unfitting armour, claws 3, regeneration 1, shaggy fur 1, tough skin 1,
inability to use devices, no air magic, no hexes magic, no summoning magic,
weak-willed 1
a: Renounce Religion, Draw Out Power, Power Leap, Apocalypse


You were on level 7 of the Dungeon.
You worshipped Ru.
Ru was extremely pleased with you.
You visited 1 branch of the dungeon, and saw 7 of its levels.

You collected 320 gold pieces.

Inventory:

Armour
 i - the +2 robe "Kotu" (worn) {Int+4}
   (You found it on level 2 of the Dungeon)

   Int:       It affects your intelligence (+4).
Jewellery
 j - a ring of wizardry (left claw)
 m - a ring of wizardry (right claw)
 u - a ring of flight
Scrolls
 b - a scroll of blinking
 c - 3 scrolls of teleportation
 e - 2 scrolls of enchant weapon
 f - a scroll of summoning
 g - a scroll of amnesia
 l - 2 scrolls of magic mapping
 n - a scroll of noise {unknown}
 r - a scroll of immolation {unknown}
 s - 2 scrolls of identify
 t - 3 scrolls of silence {unknown}
Potions
 a - 2 potions of flight {unknown}
 d - a potion of degeneration {unknown}
 h - 3 potions of curing
 o - 3 potions of mutation {unknown}
 p - 2 potions of brilliance {unknown}
 q - a potion of lignification {unknown}


   Skills:
 * Level 5.9 Fighting
 * Level 5.1 Armour
 * Level 5.7 Dodging
 * Level 4.1 Stealth
 + Level 5.3 Unarmed Combat


You had 8 spell levels left.
You didn't know any spells.
Your spell library contained the following spells:

 Spells                   Type           Power      Damage    Failure   Level
 Apportation              Tloc           0%         N/A       11%         1
 Gell's Gravitas          Tloc           0%         N/A       28%         3
 Lesser Beckoning         Tloc           0%         N/A       28%         3
 Teleport Other           Tloc           0%         N/A       28%         3
 Alistair's Intoxication  Tmut/Pois      0%         N/A       92%         5
 Summon Forest            Summ/Tloc      Unusable   N/A       N/A         5
 Summon Mana Viper        Hex/Summ       Unusable   N/A       N/A         5
 Summon Cactus Giant      Summ           Unusable   N/A       N/A         6

Dungeon Overview and Level Annotations

Branches:
Dungeon (7/15)             Temple (0/1) D:6

Altars:
Ru
Sif Muna
Yredelemnul

Shops:
D:5 *


Innate Abilities, Weirdness & Mutations

You are too large for most types of armour.
You have claws for hands.
Your natural rate of healing is unusually fast.
You are covered in fur. (AC +1)
You have tough skin. (AC +1)
You cannot study or use magical devices.
You cannot study or cast Air magic.
You cannot study or cast Hexes magic.
You cannot study or cast Summoning magic.
You are slightly weak-willed. (Will-)


Message History

The wight hits you from afar with a +2 spear of venom.
You feel drained.
You are poisoned.
You focus your inner power and blind the wight in retribution!
You swing at nothing.
You feel very sick.
You swing at nothing.
You feel sick. The wight closely misses you.
Unknown command.
You feel very sick.
Things that are here:
a +0 spear; a +0 robe You swing at nothing.
You feel sick.
You swing at nothing.
You feel sick.
You feel sick.
Things that are here:
a +2 halberd of freezing; a +0 robe; a scroll of identify You feel sick.
The wight is no longer blind.
The wight misses you.
You feel sick.
The wight hits you with a +2 spear of venom!
* * * LOW HITPOINT WARNING * * *
You feel drained.
* * * LOW HITPOINT WARNING * * *
You are more poisoned.
You scratch the wight.
The wight is lightly damaged.
You feel sick. The wight misses you.
You claw the wight!
The wight is heavily damaged.
You feel sick.
The wight hits you with a +2 spear of venom!
* * * LOW HITPOINT WARNING * * *
You are lethally poisoned!
You scratch the wight but do no damage.
The wight is heavily damaged.
* * * LOW HITPOINT WARNING * * *
You feel very sick. The wight barely misses you.
You claw the wight!
You destroy the wight!
You die...

#.# #.# #.# #.#
#########.#
.........)#####
#.....)).#
#.######.#####.##
#.# #..@)......
#.# #..#####.##
#.# #..# #.# #..#
########.#####..#
................#
########.#####.##
#.# .. #.#


There were no monsters in sight!

Vanquished Creatures
  Pikel (D:5)
  A manticore (D:7)
  A steam dragon (D:7)
  2 water moccasins
  A sky beast (D:6)
  An ice beast (D:4)
  A hornet zombie (D:5)
  A black bear (D:4)
  2 necrophages
  4 ogres
  A centaur (D:7)
  A lemure (D:5)
  A bullfrog (D:6)
  A water moccasin skeleton (D:5)
  7 wights (D:7)
  A howler monkey (D:5)
  3 bullfrog skeletons
  A gnoll shaman (D:7)
  2 hounds
  2 jellies (D:6)
  A centaur skeleton (D:5)
  2 iguanas
  An orc wizard (D:5)
  A hound zombie (D:3)
  A howler monkey zombie (D:3)
  4 gnolls (D:7)
  7 adders
  A white imp (D:6)
  2 adder zombies
  2 adder skeletons (D:4)
  3 worms
  3 dart slugs
  10 orcs
  4 bats
  4 endoplasms
  2 giant cockroaches
  13 goblins
  8 hobgoblins
  3 jackals (D:4)
  6 kobolds
  3 quokkas
  6 ball pythons
  A ball python zombie (D:3)
  4 frilled lizards
  6 rats
133 creatures vanquished.

Vanquished Creatures (others)
  A hound (D:4)
1 creature vanquished.

Grand Total: 134 creatures vanquished

Notes
Turn   | Place    | Note
-------+----------+-------------------------------------------
     0 | D:1      | HallandMoats the Troll Monk began the quest for the Orb.
     0 | D:1      | Reached XP level 1. HP: 22/22 MP: 0/0
     4 | D:1      | Noticed an anaconda
     7 | D:1      | Noticed a black mamba
   135 | D:1      | Reached XP level 2. HP: 23/29 MP: 1/1
   319 | D:1      | Found a faded altar of an unknown god.
   327 | D:1      | Prayed at the altar of an unknown god.
   327 | D:1      | Became a worshipper of Ru the Awakened
   348 | D:1      | Gained mutation: You are slightly weak-willed. (Will-) [Ru
                  | sacrifice]
   348 | D:1      | Reached * piety under Ru
   552 | D:2      | Reached skill level 1 in Armour
   552 | D:2      | Reached XP level 3. HP: 18/36 MP: 2/2
   716 | D:2      | Identified the +2 robe "Kotu" {Int+4}
  1307 | D:3      | Reached XP level 4. HP: 44/44 MP: 3/3
  1379 | D:3      | Found a basalt altar of Yredelemnul.
  1458 | D:3      | Found a shimmering blue altar of Sif Muna.
  1566 | D:3      | Reached XP level 5. HP: 53/53 MP: 4/4
  2268 | D:4      | Gained mutation: You cannot study or use magical devices.
                  | [Ru sacrifice]
  2268 | D:4      | Reached ** piety under Ru
  2268 | D:4      | Reached *** piety under Ru
  2268 | D:4      | Reached **** piety under Ru
  2342 | D:4      | Noticed a necrophage
  2350 | D:4      | Killed a necrophage
  2351 | D:4      | Reached XP level 6. HP: 58/61 MP: 5/5
  2635 | D:4      | Reached XP level 7. HP: 37/68 MP: 6/6
  2942 | D:5      | Entered Level 5 of the Dungeon
  2942 | D:5      | Found Wupsuo Mule's General Store.
  3004 | D:5      | Noticed Pikel
  3024 | D:5      | Killed Pikel
  3025 | D:5      | Reached XP level 8. HP: 32/79 MP: 7/7
  3676 | D:5      | Reached skill level 5 in Fighting
  3942 | D:6      | Found a staircase to the Ecumenical Temple.
  3989 | D:6      | Reached skill level 5 in Dodging
  4223 | D:6      | Found a sacrificial altar of Ru.
  4354 | D:6      | Reached XP level 9. HP: 71/88 MP: 8/8
  4624 | D:7      | Gained mutation: You cannot study or cast Air magic. [Ru
                  | sacrifice]
  4624 | D:7      | Gained mutation: You cannot study or cast Hexes magic. [Ru
                  | sacrifice]
  4624 | D:7      | Gained mutation: You cannot study or cast Summoning magic.
                  | [Ru sacrifice]
  4624 | D:7      | Reached ***** piety under Ru
  4769 | D:7      | Reached skill level 5 in Unarmed Combat
  4845 | D:7      | Noticed a manticore
  4853 | D:7      | Killed a manticore
  4866 | D:7      | Reached skill level 5 in Armour
  5003 | D:7      | HP: 2/77 [poisoned by a wight]
  5004 | D:7      | Succumbed to a wight's poison

Illustrated notes

Levels and vault maps discovered:
D:1:      sevenhm_arrival_forest_fort_small_2, layout_rooms,
          ebering_ecumenical_altar_rust
D:2:      layout_loops_cross
D:3:      layout_basic, nicolae_yredelemnul_corpse_copse,
          overflow_temple_1_default
D:4:      minmay_razor_zed, layout_loops_corners
D:5:      layout_loops_ring, serial_shops, nicolae_shop_advertising_works
          [nicolae_subvault_shop_adworks], uniq_pikel
D:6:      layout_loops_ring, kennysheep_mini_moat, temple_fountains,
          kennysheep_minor_cross, minmay_misc_feat_enclosed,
          kennysheep_opposing_triangles
D:7:      layout_basic, corner_web_ring, minivault_26, uniq_joseph

Skill      XL: |  1  2  3  4  5  6  7  8  9 |
---------------+----------------------------+-----
Armour         | 1 2 3 4 5 |  5.1
Fighting       | 3 4 5 |  5.9
Dodging        | 3 4 5 |  5.7
Stealth        | 2 3 4 |  4.1
Unarmed Combat | 4 5 |  5.3

Action                   |  1- 3 |  4- 6 |  7- 9 || total
-------------------------+-------+-------+-------++-------
Melee: Unarmed           |   103 |   135 |   220 ||   458
       Punch             |     2 |     5 |     7 ||    14
Invok: Sacrifice Essence |     1 |       |       ||     1
       Sacrifice Artific |       |     1 |       ||     1
       Apocalypse        |       |       |     1 ||     1
       Sacrifice Arcana  |       |       |     1 ||     1
  Use: Scroll            |       |       |     8 ||     8
       Potion            |       |       |     4 ||     4
 Stab: Sleeping          |     6 |     5 |     1 ||    12
       Distracted        |       |     1 |     1 ||     2
       Invisible         |       |     2 |     3 ||     5
       Paralysed         |       |       |     5 ||     5
Armor: Robe              |    36 |    42 |    42 ||   120
Dodge: Dodged            |    38 |    64 |    99 ||   201
